 Dungeon Crawl Stone Soup version 0.22.1-2-g9c5b331383 (webtiles) character file.

53 LoNine the Digger (level 3, -6/19 HPs)
             Began as a Gargoyle Earth Elementalist on Nov 21, 2018.
             Splashed by a jelly's acid (8 damage)
             ... on level 3 of the Dungeon.
             The game lasted 00:09:56 (1698 turns).

LoNine the Digger (Gargoyle Earth Elementalist)     Turns: 1698, Time: 00:09:58

Health: -6/19      AC: -1    Str: 11    XL:     3   Next: 87%
Magic:  7/7        EV: 12    Int: 16    God:
Gold:   93         SH:  0    Dex: 10    Spells: 4/8 levels left

rFire    . . .     SeeInvis .   h - +0 mace
rCold    . . .     Gourm    .   (no shield)
rNeg     + . .     Faith    .   c - +0 robe
rPois    ∞         Spirit   .   (no helmet)
rElec    +         Reflect  .   (no cloak)
rCorr    .         Harm     .   (no gloves)
MR       .....                  i - +0 pair of boots
Stlth    ++........             (no amulet)
HPRegen  0.06/turn              (no ring)
MPRegen  0.10/turn              (no ring)

@: corroded
A: negative energy resistance 1, electricity resistance, unbreathing,
petrification resistance, rot immunity, AC +3
a: no special abilities


You were on level 3 of the Dungeon.
You were not hungry.

You visited 1 branch of the dungeon, and saw 3 of its levels.

You collected 93 gold pieces.

Inventory:

Hand Weapons
 h - a +0 mace (weapon)
Missiles
 b - 19 stones (quivered)
Armour
 c - a +0 robe (worn)
 i - a +0 pair of boots (worn)
Scrolls
 a - a scroll of enchant weapon {unknown}
 d - 2 scrolls of teleportation {unknown}
 f - 2 scrolls of identify {unknown}
 g - a scroll of remove curse {unknown}
 j - a scroll of fear {unknown}
Potions
 k - a potion of brilliance {unknown}
Comestibles
 e - 3 rations


   Skills:
 - Level 1.5 Dodging
 - Level 2.1 Stealth
 * Level 3.3 Spellcasting
   Level 0.7 Transmutations
 + Level 4.3 Earth Magic


You had 4 spell levels left.
You knew the following spells:

 Your Spells              Type           Power        Failure   Level  Hunger
a - Sandblast             Erth           ###...       3%          1    None
b - Stone Arrow           Conj/Erth      #.....       22%         3    ###....

Your spell library contained the following spells:

 Spells                   Type           Power        Failure   Level  Hunger
 Passwall                 Tmut/Erth      ##......     10%         2    ##.....
 Petrify                  Tmut/Erth      ##......     54%         4    ####...
 Lee's Rapid Deconstruct  Erth           ###.......   63%         5    ######.


Dungeon Overview and Level Annotations

Branches:
Dungeon (3/15)

Altars:
Elyvilon
Nemelex Xobeh


Innate Abilities, Weirdness & Mutations

You are resistant to torment.
Your stone body is resilient. (AC +3)
You are immune to poison.
You resist negative energy. (rN+)
You are resistant to electric shocks. (rElec)
You can survive without breathing.
You are immune to petrification.
You are immune to rotting.


Message History

You kill the bat!
The rat bites you but does no damage.
You hit the rat.
You kill the rat!
The rat bites you but does no damage.
You sock the rat!
You kill the rat!
The rat bites you but does no damage.
You hit the rat.
You kill the rat!
The jelly hits you. The acid corrodes you!
You are splashed with acid!
The acid burns!
* * * LOW HITPOINT WARNING * * *
You hit the jelly.
Your hands burn!
* * * LOW HITPOINT WARNING * * *
The jelly is lightly wounded.
The jelly hits you.
* * * LOW HITPOINT WARNING * * *
The acid corrodes you!
You are splashed with acid!
The acid burns!
You die...

##.........# ..#
#...≈≈≈≈...## #.#
....≈≈≈≈8...# #.#
#..≈≈≈r....# #.##
#..........#####.<#
#......# #......#
###...## #.######
#...#####.#
#.....J@..#
#....######
........#
#....##### ..##. #
##


You could see a jelly.

Vanquished Creatures
  2 adders (D:2)
  4 bats
  A giant cockroach (D:1)
  6 goblins
  5 hobgoblins
  4 jackals
  A frilled lizard (D:1)
  5 kobolds
  6 rats
34 creatures vanquished.

Notes
Turn   | Place    | Note
-------+----------+-------------------------------------------
     0 | D:1      | LoNine the Gargoyle Earth Elementalist began the quest for
                  | the Orb.
     0 | D:1      | Reached XP level 1. HP: 10/10 MP: 3/3
   134 | D:1      | Found a sparkling altar of Nemelex Xobeh.
   215 | D:1      | Reached XP level 2. HP: 8/15 MP: 0/5
   625 | D:1      | Reached skill level 4 in Earth Magic
  1115 | D:2      | Reached XP level 3. HP: 19/19 MP: 4/7
  1215 | D:2      | Found a white marble altar of Elyvilon.
  1366 | D:2      | Learned a level 3 spell: Stone Arrow
  1698 | D:3      | Splashed by a jelly's acid

Skill      XL: |  1  2 |
---------------+-------+-----
Earth Magic    | 4 |  4.3
Spellcasting   | 3 |  3.3
Dodging        | |  1.5
Stealth        | |  2.1
Transmutations | |  0.7

Action                   || total
-------------------------++-------
Melee: Unarmed           ||     1
       Mace              ||    73
Throw: Stone             ||    15
 Cast: Sandblast         ||    22
       Stone Arrow       ||     2
 Stab: Sleeping          ||     2
  Eat: Ration            ||     1
Armor: Robe              ||    55
Dodge: Dodged            ||    85
